 Dungeon Crawl Stone Soup version 0.27-a0-1502-g47ed6a6988 (webtiles) character file.

Game seed: 7123342827667958318

26 Kold the Chopper (level 2, 24/24 HPs)
             Began as a Demonspawn Monk on July 9, 2021.
             Was a Believer of Okawaru.
             Quit the game on level 1 of the Dungeon.
             The game lasted 00:00:46 (951 turns).

Kold the Chopper (Demonspawn Monk)                   Turns: 951, Time: 00:00:47

Health: 24/24      AC:  2    Str: 11    XL:     2   Next: 89%
Magic:  2/2        EV: 12    Int: 11    God:    Okawaru [**....]
Gold:   19         SH:  0    Dex: 15    Spells: 1/1 levels left

rFire    . . .     SeeInvis .   a - +0 hand axe
rCold    . . .     Faith    .   (no shield)
rNeg     . . .     Spirit   .   b - +0 robe
rPois    .         Reflect  .   (no helmet)
rElec    .         Harm     .   (no cloak)
rCorr    .         Rampage  .   (no gloves)
Will     .....                  (no boots)
Stlth    ++........             (no amulet)
HPRegen  0.08/turn              (no ring)
MPRegen  0.08/turn              (no ring)

@: no status effects
A: claws 1
a: Renounce Religion, Heroism


You were on level 1 of the Dungeon.
You worshipped Okawaru.
Okawaru was pleased with you.
You visited 1 branch of the dungeon, and saw 1 of its levels.

You collected 19 gold pieces.

Inventory:

Hand Weapons
 a - a +0 hand axe (weapon)
Armour
 b - a +0 robe (worn)
Magical Staves
 d - a staff of fire
Scrolls
 c - a scroll of magic mapping {unknown}
Potions
 e - a potion of resistance {unknown}


   Skills:
 - Level 3.0 Fighting
 + Level 3.7 Axes
 - Level 2.6 Dodging
 - Level 2.0 Stealth


You had one spell level left.
You didn't know any spells.
Your spell library was empty.

Dungeon Overview and Level Annotations

Branches:
Dungeon (1/15)

Altars:
Okawaru


Innate Abilities, Weirdness & Mutations

You have sharp fingernails.


Message History

You hit the dart slug.
The dart slug is heavily wounded.
The dart slug bites you.
You hit the dart slug but do no damage.
The dart slug is heavily wounded.
The dart slug bites you.
You hit the dart slug.
The dart slug is almost dead.
The dart slug misses you.
You hit the dart slug but do no damage.
The dart slug is almost dead.
You hit the dart slug.
You kill the dart slug!
Okawaru accepts your kill.
No target in view!
Found 18 bolts.
A quokka comes into view.
A quokka is nearby!
A quokka is nearby!
You hit the quokka.
You kill the quokka!
Okawaru accepts your kill.
No target in view!
No target in view!
You open the door.
There is an open door here.
There is an open door here.
You open the door.
There is an open door here.
A rat comes into view.
A rat is nearby!
A rat is nearby!
A rat is nearby!
The rat barely misses you.
You hit the rat.
You kill the rat!
Okawaru accepts your kill.
No target in view!
No target in view!
Are you sure you want to abandon this character and quit the game? (Confirm with "yes".)

..##...# ..##...####
..##......# ..'.......#
..##.##...#
..##.##...############.#
.......................
####.##....#.###...#
#..+....#....@†.+
#######...######...#
........... ........
......###+## ..........
....'#### #+....⌠....
...##...###.# ##........
.######.....# ###.....#
.# #.###### ...... ##
#......#


There were no monsters in sight!

Vanquished Creatures
  2 dart slugs (D:1)
  2 endoplasms (D:1)
  A hobgoblin (D:1)
  3 jackals (D:1)
  2 kobolds (D:1)
  A quokka (D:1)
  10 frilled lizards (D:1)
  2 rats (D:1)
23 creatures vanquished.

Vanquished Creatures (others)
  5 fungi (D:1)
  6 plants (D:1)
11 creatures vanquished.

Grand Total: 34 creatures vanquished

Notes
Turn   | Place    | Note
-------+----------+-------------------------------------------
     0 | D:1      | Kold the Demonspawn Monk began the quest for the Orb.
     0 | D:1      | Reached XP level 1. HP: 18/18 MP: 1/1
   329 | D:1      | Gained mutation: You have sharp fingernails. [demonic
                  | ancestry]
   329 | D:1      | Reached XP level 2. HP: 24/24 MP: 2/2
   703 | D:1      | Found a faded altar of an unknown god.
   768 | D:1      | Became a worshipper of Warmaster Okawaru
   768 | D:1      | Reached * piety under Okawaru
   768 | D:1      | Reached ** piety under Okawaru
   951 | D:1      | Quit the game

Illustrated notes

Levels and vault maps discovered:
D:1:      nicolae_arrival_somewhat_less_tricky_arrival, layout_basic,
          serial_forest, infiniplex_forest_end_3,
          infiniplex_forest_clump_curved, infiniplex_forest_lined_room_3,
          infiniplex_forest_zigzag_1, infiniplex_forest_straight_1,
          shapermc_ecumenical_altar_mp_urbaneastern, minmay_lizard_pond

Skill      XL: |  1 |
---------------+----+-----
Stealth        | 2 |  2.0
Axes           | 3 |  3.7
Fighting       | |  3.0
Dodging        | |  2.6

Action                   || total
-------------------------++-------
Melee: Hand axe          ||    49
Armor: Robe              ||     4
Dodge: Dodged            ||    35

Table legend: (Time is in decaauts)
 A = Elapsed time spent in this place.
 B = Non-inter-level travel time spent in this place.
 C = Inter-level travel time spent in this place.
 D = Time resting spent in this place.
 E = Time spent auto-exploring this place.
 F = Levels seen in this place.
 G = Mean time per level.
                   A        B        C        D        E       F      G
               +--------+--------+--------+--------+--------+-----+--------+
         Total |    957 |    941 |     16 |    319 |    496 |   1 |  957.0 |
       Dungeon |    957 |    941 |     16 |    319 |    496 |   1 |  957.0 |
               +--------+--------+--------+--------+--------+-----+--------+

Top non-repeatable levels by time:
     D:1: 957 daAuts
